 Dungeon Crawl Stone Soup version 0.30-a0-576-g89cddaab80 (webtiles) character file.

Game seed: 6677378736550617633

121 Khashishi the Trooper (level 5, 0/55 HPs)
             Began as an Ogre Warper on Dec 31, 2022.
             Was a Believer of Makhleb.
             Killed by divine providence
             ... invoked by an orc priest
              (10 damage)
             ... on level 3 of the Dungeon.
             The game lasted 00:12:49 (1954 turns).

Khashishi the Trooper (Ogre Warper)                 Turns: 1954, Time: 00:12:49

Health: 0/55       AC:  3    Str: 15    XL:     5   Next: 5%
Magic:  8/8        EV:  9    Int: 16    God:    Makhleb [**....]
Gold:   165        SH:  0    Dex:  8    Spells: 6/8 levels left

rFire   . . .      SeeInvis .    a - +0 hand axe
rCold   . . .      Faith    .    (no shield)
rNeg    . . .      Spirit   .    b - +0 robe
rPois   .          Reflect  .    (helmet restricted)
rElec   .          Harm     .    (no cloak)
rCorr   +          Rampage  .    (gloves unavailable)
Will    .....                    (boots unavailable)
Stlth   +                        (no amulet)
HPRegen 0.29/turn                e - ring of resist corrosion
MPRegen 0.11/turn                (no ring)

@: hasted (expiring), very quick
A: large, unfitting armour, tough skin 1
a: Renounce Religion, Minor Destruction


You were on level 3 of the Dungeon.
You worshipped Makhleb.
Makhleb was pleased with you.
You visited 1 branch of the dungeon, and saw 3 of its levels.

You collected 165 gold pieces.

Inventory:

Hand Weapons
 a - a +0 hand axe (weapon)
Missiles
 l - 3 boomerangs (quivered)
Armour
 b - a +0 robe (worn)
Jewellery
 e - a ring of resist corrosion (left hand)
Scrolls
 c - a scroll of blinking
 d - a scroll of amnesia {unknown}
 g - a scroll of teleportation
 m - a scroll of noise {unknown}
 n - a scroll of enchant armour {unknown}


   Skills:
 + Level 4.7 Fighting
 - Level 2.0 Axes
 + Level 3.0 Throwing
 - Level 2.1 Dodging
 - Level 2.4 Spellcasting
 - Level 2.6 Translocations
 + Level 1.9 Invocations


You had 6 spell levels left.
You knew the following spells:

 Your Spells              Type           Power      Damage    Failure   Level
b - Blink                 Tloc           20%        N/A       10%         2

Your spell library contained the following spells:

 Spells                   Type           Power      Damage    Failure   Level
 Lesser Beckoning         Tloc           20%        N/A       21%         3
 Teleport Other           Tloc           10%        N/A       21%         3
 Vhi's Electric Charge    Tloc/Air       12%        N/A       34%         3
 Manifold Assault         Tloc           10%        N/A       54%         4


Dungeon Overview and Level Annotations

Branches:
Dungeon (3/15)

Altars:
Makhleb


Innate Abilities, Weirdness & Mutations

You are too large for most types of armour.
You have tough skin. (AC +1)


Message History

The glob of acid hits the orc priest!
You kill the orc priest!
Makhleb accepts your kill.
You hear a shout!
You have reached level 5!
Throw: 3 boomerangs
Press: ? - help, Q - select action, (/) - cycle Shift-Dir - straight line, f - endoplasm
Aim: an endoplasm (85% to hit)
You throw a boomerang. The boomerang hits the endoplasm!
You kill the endoplasm!
Makhleb accepts your kill.
Aiming: Minor Destruction (11% risk of failure)
Press: ? - help, Shift-Dir - straight line, f - orc
Aim: an orc, wielding a +0 short sword You fail to use your ability.
Aiming: Minor Destruction (11% risk of failure)
Press: ? - help, Shift-Dir - straight line, f/p - orc
Aim: an orc, wielding a +0 short sword The orc writhes in agony.
You kill the orc!
Makhleb accepts your kill.
Your Throwing skill increases to level 3!
Aiming: Minor Destruction (11% risk of failure)
Press: ? - help, Shift-Dir - straight line, f/p - orc
Aim: an orc, wielding a +0 short sword The glob of acid misses the orc.
The endoplasm quivers.
Aiming: Minor Destruction (11% risk of failure)
Press: ? - help, Shift-Dir - straight line, f - orc priest, p - orc
Aim: an orc priest, wielding a +0 hand axe and wearing a +0 ring mail The orc priest writhes in agony.
The orc wizard gestures at you while chanting.
The puff of flame hits you.
* * * LOW HITPOINT WARNING * * *
The endoplasm barely misses you.
Your extra speed is starting to run out.
You float gracefully downwards.
The orc priest invokes the aid of Beogh against you.
Beogh smites you!
You die...

#..............
#...............
#...............
#...............
#...............
#......<........
#................ ....
####............#......
#..J.@.......#.......
#............#........
###....................
#...####...............
##...####..>............
#..o...........)#?......
#...####..####..........
#.o## #### ##.........
#.. #.....#...


You could see an orc priest, an orc and an endoplasm.

Vanquished Creatures
  An orc priest (D:3)
  3 adders
  A worm (D:2)
  2 dart slugs
  5 orcs
  4 ball pythons
  6 endoplasms
  3 giant cockroaches
  7 goblins
  4 hobgoblins
  A jackal (D:3)
  A quokka (D:3)
  9 bats
  2 kobolds
  3 rats
52 creatures vanquished.

Vanquished Creatures (others)
  2 fungi (D:2)
  2 plants (D:2)
4 creatures vanquished.

Grand Total: 56 creatures vanquished

Notes
Turn   | Place    | Note
-------+----------+-------------------------------------------
     0 | D:1      | Khashishi the Ogre Warper began the quest for the Orb.
     0 | D:1      | Reached XP level 1. HP: 22/22 MP: 3/3
   182 | D:1      | Reached skill level 3 in Fighting
   206 | D:1      | Reached XP level 2. HP: 20/31 MP: 5/5
  1027 | D:2      | Found a faded altar of an unknown god.
  1047 | D:2      | Reached XP level 3. HP: 33/39 MP: 6/6
  1050 | D:2      | Learned a level 2 spell: Blink
  1064 | D:2      | Prayed at the altar of an unknown god.
  1064 | D:2      | Became a worshipper of Makhleb the Destroyer
  1064 | D:2      | Reached * piety under Makhleb
  1281 | D:2      | Reached skill level 4 in Fighting
  1441 | D:2      | Reached skill level 1 in Invocations
  1441 | D:2      | Reached XP level 4. HP: 47/48 MP: 7/7
  1774 | D:2      | Reached ** piety under Makhleb
  1944 | D:3      | Reached XP level 5. HP: 16/55 MP: 8/8
  1954 | D:3      | Killed from afar by an orc priest

Illustrated notes

Levels and vault maps discovered:
D:1:      heliophobic_arrival_henge, layout_basic,
          hangedman_decor_clover_reticule, kennysheep_nondescript
D:2:      layout_basic, shapermc_ecumenical_altar_mp_ritualfount
D:3:      layout_basic, gup_sewer_entry_bubbles, minmay_pentangle

Skill      XL: |  1  2  3  4  5 |
---------------+----------------+-----
Fighting       | 3 4 |  4.7
Throwing       | 2 3 |  3.0
Invocations    | 1 |  1.9
Axes           | |  2.0
Dodging        | |  2.1
Spellcasting   | |  2.4
Translocations | |  2.6

Action                   |  1- 3 |  4- 6 || total
-------------------------+-------+-------++-------
Melee: Hand axe          |   127 |    53 ||   180
       Punch             |     3 |       ||     3
Throw: Stone             |     9 |       ||     9
       Boomerang         |    16 |    30 ||    46
Invok: Minor Destruction |       |    13 ||    13
  Use: Potion            |       |     4 ||     4
       Scroll            |       |     3 ||     3
Armor: Robe              |    47 |    21 ||    68
Dodge: Dodged            |    60 |    36 ||    96

Table legend: (Time is in decaauts)
 A = Elapsed time spent in this place.
 B = Non-inter-level travel time spent in this place.
 C = Inter-level travel time spent in this place.
 D = Time resting spent in this place.
 E = Time spent auto-exploring this place.
 F = Levels seen in this place.
 G = Mean time per level.
                   A        B        C        D        E       F      G
               +--------+--------+--------+--------+--------+-----+--------+
         Total |   1981 |   1878 |    103 |      0 |   1143 |   3 |  660.3 |
       Dungeon |   1981 |   1878 |    103 |      0 |   1143 |   3 |  660.3 |
               +--------+--------+--------+--------+--------+-----+--------+

Top non-repeatable levels by time:
     D:1: 904 daAuts
     D:2: 818 daAuts
     D:3: 258 daAuts
